 Dungeon Crawl Stone Soup version 0.27-a0-789-g6bb3289e1e (webtiles) character file.

Game seed: 17559323958594224140

1563 robertstho the Shooter (level 8, -1/73 HPs)
             Began as a Minotaur Hunter on Mar 26, 2021.
             Succumbed to a killer bee's poison
             ... on level 7 of the Dungeon.
             The game lasted 00:07:56 (7603 turns).

robertstho the Shooter (Minotaur Hunter)            Turns: 7603, Time: 00:07:57

Health: -1/73      AC: 13    Str: 19    XL:     8   Next: 58%
Magic:  7/7        EV:  6    Int:  8    God:
Gold:   272        SH:  0    Dex: 11    Spells: 7/7 levels left

rFire    + + .     SeeInvis .   s - +2 shortbow (freeze)
rCold    + . .     Faith    .   (shield currently unavailable)
rNeg     + . .     Spirit   .   i - +0 plate armour
rPois    +         Reflect  .   (helmet restricted)
rElec    +         Harm     .   (no cloak)
rCorr    +         Rampage  .   m - +0 pair of gloves
Will     .....                  (no boots)
Stlth    ..........             (no amulet)
HPRegen  0.22/turn              h - ring of positive energy
MPRegen  0.10/turn              f - ring of protection from fire

@: lethally poisoned (-1 -> -19), resistant, hasted, very quick
A: horns 2, retaliatory headbutt
a: no special abilities


You were on level 7 of the Dungeon.
You visited 2 branches of the dungeon, and saw 8 of its levels.

You collected 272 gold pieces.

Inventory:

Hand Weapons
 q - a +0 great sword
 s - a +2 shortbow of freezing (weapon)
Missiles
 d - 38 arrows (quivered ammo)
Armour
 i - a +0 plate armour (worn)
 m - a +0 pair of gloves (worn)
Jewellery
 f - a ring of protection from fire (left hand)
 h - a ring of positive energy (right hand)
Wands
 j - a wand of paralysis (3)
 o - a wand of acid (12)
Scrolls
 g - 3 scrolls of teleportation
 r - a scroll of identify
Potions
 c - a potion of brilliance
 e - a potion of mutation
 l - 2 potions of haste
 n - a potion of flight
 p - a potion of ambrosia


   Skills:
 * Level 7.1 Fighting
 + Level 4.0(4.7) Short Blades
 + Level 4.2(5.1) Long Blades
 * Level 7.8 Bows
 + Level 5.2 Armour
 + Level 2.3 Dodging
 - Level 0.7 Stealth
 + Level 0.7 Evocations


You had 7 spell levels left.
You didn't know any spells.
Your spell library contained the following spells:

 Spells                   Type           Power      Damage    Failure   Level
 Confusing Touch          Hex            0%         N/A       100%        3
 Gell's Gravitas          Tloc           0%         N/A       100%        3
 Petrify                  Tmut/Erth      0%         N/A       100%        4
 Metabolic Englaciation   Hex/Ice        0%         N/A       100%        5
 Yara's Violent Unravell  Hex/Tmut       0%         3d3       100%        5


Dungeon Overview and Level Annotations

Branches:
Dungeon (7/15)             Temple (1/1) D:6

Altars:
Ashenzari
Cheibriados
Dithmenos
Fedhas
Gozag
Hepliaklqana
Kikubaaqudgha
Makhleb
Qazlal
Sif Muna
Trog
Vehumet
Wu Jian
Xom
Yredelemnul
Zin
The Shining One

Annotations:
D:3 6 runed translucent doors, Wherewolf's ghost, weakling GrFi; robertstho's ghost, amateur DjFE


Innate Abilities, Weirdness & Mutations

You have a pair of horns on your head.
You reflexively headbutt those who attack you in melee.


Message History

The arrow freezes the killer bee.
The killer bee is severely wounded.
You feel sick.
The killer bee stings you but does no damage. x2
Fire: 41 arrows
Press: ? - help, Q - select action, (/) - cycle Shift-Dir - straight line, f/p - killer bee
Aim: a killer bee (severely wounded, 40% to hit)
You shoot an arrow. The arrow barely misses the killer bee.
The arrow hits the killer bee but does no damage.
The killer bee is severely wounded.
The killer bee stings you but does no damage.
The killer bee stings you.
Fire: 40 arrows
Press: ? - help, Q - select action, (/) - cycle Shift-Dir - straight line, f/p - killer bee
Aim: a killer bee (severely wounded, 38% to hit)
You shoot an arrow. The arrow barely misses the killer bee.
The arrow closely misses the killer bee.
The arrow barely misses the killer bee.
You feel sick. The killer bee stings you.
* * * LOW HITPOINT WARNING * * *
The killer bee stings you but does no damage. x2
Fire: 39 arrows
Press: ? - help, Q - select action, (/) - cycle Shift-Dir - straight line, f/p - killer bee
Aim: a killer bee (severely wounded, 36% to hit)
You shoot an arrow. The arrow barely misses the killer bee.
The arrow misses the killer bee.
The arrow closely misses the killer bee.
You feel sick.
You are no longer poisoned.
The killer bee stings you.
* * * LOW HITPOINT WARNING * * *
You are poisoned.
The killer bee poisons you!
The killer bee stings you but does no damage.
The killer bee stings you.
* * * LOW HITPOINT WARNING * * *
You are lethally poisoned!
The killer bee poisons you!
You feel protected.
You die...

##....≈≈≈≈≈≈
......≈≈≈≈#
#.#..≈≈≈≈#
#.....≈≈#
#....≈≈#
#.....≈#
##.....#####.#
#.y<.#.......#
#@#.>#.#####.#
#y##.#.#
#y##.#.#
.y.#.#.#
...#.#.#
....#.#..
....#.#..
...(..


You could see 4 killer bees.

Vanquished Creatures
  Grinder (D:3)
  2 sky beasts
  2 ogres (D:5)
  A centaur (D:6)
  A phantom (D:6)
  Blork the orc (D:4)
  A wyvern zombie (D:5)
  2 bullfrogs (D:6)
  2 scorpions
  A killer bee (D:7)
  A jelly (D:5)
  2 orc priests (D:6)
  Jessica (D:2)
  4 orc wizards
  A hound zombie (D:3)
  A howler monkey zombie (D:6)
  Robin (D:2)
  5 adders
  A shadow imp (D:5)
  A white imp (D:6)
  An adder skeleton (D:4)
  An adder zombie (D:3)
  A worm (D:5)
  3 dart slugs
  19 orcs
  8 ball pythons
  7 bats
  2 endoplasms (D:1)
  7 giant cockroaches
  15 goblins
  6 hobgoblins
  3 jackals (D:1)
  5 kobolds
  3 quokkas
  3 frilled lizards
  5 rats
121 creatures vanquished.

Vanquished Creatures (others)
  5 plants
5 creatures vanquished.

Grand Total: 126 creatures vanquished

Notes
Turn   | Place    | Note
-------+----------+-------------------------------------------
     0 | D:1      | robertstho the Minotaur Hunter began the quest for the Orb.
     0 | D:1      | Reached XP level 1. HP: 18/18 MP: 0/0
   147 | D:1      | Reached XP level 2. HP: 25/25 MP: 1/1
   298 | D:1      | Reached skill level 5 in Bows
   663 | D:1      | Reached XP level 3. HP: 30/30 MP: 2/2
  1110 | D:2      | Noticed Jessica
  1134 | D:2      | Killed Jessica
  1186 | D:2      | Reached XP level 4. HP: 38/38 MP: 3/3
  1190 | D:2      | Noticed Robin
  1670 | D:2      | Killed Robin
  2335 | D:3      | Reached skill level 1 in Armour
  2392 | D:3      | Found a runed translucent gate.
  2392 | D:3      | Found a runed translucent gate.
  2392 | D:3      | Found a runed translucent gate.
  2392 | D:3      | Noticed Wherewolf's ghost (weakling GrFi)
  2394 | D:3      | Found a basalt altar of Yredelemnul.
  2404 | D:3      | Reached XP level 5. HP: 41/46 MP: 4/4
  2531 | D:3      | Found a runed translucent gate.
  2531 | D:3      | Found a runed translucent gate.
  2531 | D:3      | Found a runed translucent gate.
  2532 | D:3      | Noticed robertstho's ghost (amateur DjFE)
  2597 | D:3      | Found a bloodstained altar of Trog.
  2642 | D:3      | Noticed Grinder
  2686 | D:3      | Paralysed by Grinder for 3 turns
  2691 | D:3      | Killed Grinder
  2692 | D:3      | Reached XP level 6. HP: 15/53 MP: 5/5
  3408 | D:4      | Noticed Blork the orc
  3418 | D:4      | Killed Blork the orc
  3656 | D:4      | Found a stormy altar of Qazlal.
  3724 | D:4      | Reached skill level 5 in Fighting
  4121 | D:5      | Entered Level 5 of the Dungeon
  4131 | D:5      | Reached XP level 7. HP: 23/61 MP: 6/6
  5183 | D:5      | Reached skill level 1 in Long Blades
  5899 | D:6      | Reached XP level 8. HP: 65/70 MP: 7/7
  5984 | D:6      | Found a staircase to the Ecumenical Temple.
  6100 | Temple   | Entered the Ecumenical Temple
  7220 | D:6      | Reached skill level 5 in Armour
  7285 | D:6      | Found a shimmering altar of Xom.
  7603 | D:7      | Succumbed to a killer bee's poison

Illustrated notes

Levels and vault maps discovered:
D:1:      evilmike_arrival_crescent, layout_loops_ring
D:2:      layout_loops_cross, uniq_robin, uniq_jessica
D:3:      layout_loops_ring, lemuel_crystal_altar,
          nicolae_yredelemnul_ghost_church, gammafunk_ghost_nasty_kobolds,
          uniq_grinder
D:4:      minmay_bubble_buster, layout_gridville, marbit_many_paths,
          serial_bayou, serial_bayou_lagoon_b, serial_bayou_shore_a,
          serial_bayou_pond_a, serial_bayou_pond_a, uniq_blork_the_orc,
          uniq_natasha
D:5:      layout_loops_ring
D:6:      layout_loops_corners, kennysheep_mini_moat, lemuel_temple_firewalk_b
D:7:      statuecave_lemuel, layout_basic, nicolae_ru_path_of_blood,
          elyvilon_altar_3, grunt_dithmenos_shadows, uniq_harold
Temple:   nicolae_temple_figure_eight

Skill      XL: |  1  2  3  4  5  6  7  8 |
---------------+-------------------------+-----
Bows           | 5 6 7 |  7.8
Fighting       | 3 4 5 6 7 |  7.1
Armour         | 1 2 3 5 |  5.2
Short Blades   | 2 3 4 |  4.0
Long Blades    | 1 4 |  4.2
Dodging        | |  2.3
Stealth        | |  0.7
Evocations     | |  0.7

Action                   |  1- 3 |  4- 6 |  7- 9 || total
-------------------------+-------+-------+-------++-------
Melee: Short sword       |    36 |   193 |    14 ||   243
       Headbutt          |     5 |    32 |    24 ||    61
       Great sword       |       |       |    95 ||    95
 Fire: Shortbow          |    59 |    33 |    16 ||   108
Evoke: Wand              |       |     8 |       ||     8
  Use: Potion            |       |     3 |     3 ||     6
       Scroll            |       |     3 |     3 ||     6
 Stab: Paralysed         |       |    16 |       ||    16
Armor: Leather armour    |     3 |       |       ||     3
       Plate armour      |    14 |   162 |   119 ||   295
       Skin              |     5 |       |       ||     5
Dodge: Dodged            |    17 |    67 |    45 ||   129
       Rpst.: Great sword |       |       |     8 ||     8

Table legend: (Time is in decaauts)
 A = Elapsed time spent in this place.
 B = Non-inter-level travel time spent in this place.
 C = Inter-level travel time spent in this place.
 D = Time resting spent in this place.
 E = Time spent auto-exploring this place.
 F = Levels seen in this place.
 G = Mean time per level.
                   A        B        C        D        E       F      G
               +--------+--------+--------+--------+--------+-----+--------+
         Total |   7692 |   7359 |    333 |    710 |   5691 |   8 |  961.5 |
       Dungeon |   7459 |   7151 |    308 |    710 |   5484 |   7 | 1065.6 |
        Temple |    232 |    207 |     25 |      0 |    207 |   1 |  232.0 |
               +--------+--------+--------+--------+--------+-----+--------+

Top non-repeatable levels by time:
     D:6: 1527 daAuts
     D:5: 1516 daAuts
     D:1: 1386 daAuts
     D:3: 1171 daAuts
     D:4: 1059 daAuts
     D:2: 778 daAuts
  Temple: 232 daAuts
     D:7: 20 daAuts
